 Dungeon Crawl Stone Soup version 0.21.0 (webtiles) character file.

95 Hekarica the Sneak (level 4, -9/28 HPs)
             Began as an Octopode Venom Mage on May 20, 2018.
             Killed by divine providence
             ... invoked by an orc priest
              (14 damage)
             ... on level 3 of the Dungeon.
             The game lasted 00:07:43 (2248 turns).

Hekarica the Sneak (Octopode Venom Mage)            Turns: 2248, Time: 00:07:44

Health: -9/28      AC:  1    Str:  8    XL:     4   Next: 65%
Magic:  0/7        EV: 14    Int: 22    God:
Gold:   81         SH:  0    Dex: 12    Spells: 7/8 levels left

rFire    . . .     SeeInvis .     - Unarmed
rCold    . . .     Gourm    .   (no shield)
rNeg     . . .     Faith    .   (helmet restricted)
rPois    .         Spirit   .   (no amulet)
rElec    .         Reflect  .   (no ring)
rCorr    .         Harm     .   (no ring)
MR       .....                  (no ring)
Stlth    +++.......             (no ring)
HPRegen  0.09/turn              (no ring)
MPRegen  0.10/turn              (no ring)
                                (no ring)
                                (no ring)

@: brilliant
A: almost no armour, stealthy swim, amphibious, 8 rings, constrict 8, camouflage
1, gelatinous body 1
a: no special abilities


You were on level 3 of the Dungeon.
You were not hungry.

You visited 1 branch of the dungeon, and saw 3 of its levels.

You collected 81 gold pieces.

Inventory:

Hand Weapons
 b - a cursed -1 whip
Missiles
 c - 21 arrows (quivered)
Scrolls
 d - a scroll of teleportation {unknown}
 e - 2 scrolls of magic mapping {unknown}
 f - a scroll of identify {unknown}
 i - a scroll of immolation {unknown}
Potions
 h - a potion of brilliance
Books
 a - a Young Poisoner's Handbook

   Spells                             Type                      Level
   a - Sting                          Conjuration/Poison           1
   b - Poisonous Vapours              Poison/Air                   2
   c - Mephitic Cloud                 Conjuration/Poison/Air       3
   d - Olgreb's Toxic Radiance        Poison                       4
   e - Venom Bolt                     Conjuration/Poison           5


   Skills:
 + Level 1.5 Fighting
 + Level 2.7 Dodging
 + Level 3.9 Stealth
 + Level 1.5 Unarmed Combat
 + Level 2.5 Spellcasting
 - Level 1.0 Conjurations
 - Level 3.6 Poison Magic


You had 7 spell levels left.
You knew the following spells:

 Your Spells              Type           Power        Failure   Level  Hunger
a - Sting                 Conj/Pois      ####         1%          1    None


Dungeon Overview and Level Annotations

Branches:
Dungeon (3/15)

Altars:
Fedhas
Ru


Innate Abilities, Weirdness & Mutations

You cannot wear most types of armour.
You are very stealthy in the water. (Stealth+)
You are amphibious.
You can wear up to eight rings at the same time.
You can use your tentacles to constrict eight enemies at once.
Your skin changes colour to match your surroundings (Stealth+).
Your rubbery body absorbs attacks. (AC +1, EV +1)


Message History

Aiming: Sting
Press: ? - help, Shift-Dir - straight line, f/p - orc priest
Aim: an orc priest, wielding a flail and wearing a leather armour The sting hits the orc priest.
The orc priest is poisoned.
The orc priest is moderately wounded.
Casting: Sting
Confirm with . or Enter, or press ? or * to list all spells.
Aiming: Sting
Press: ? - help, Shift-Dir - straight line, f/p - orc priest
Aim: an orc priest, wielding a flail and wearing a leather armour (moderately wounded, poisoned)
The sting hits the orc priest.
The orc priest looks even sicker.
The orc priest is heavily wounded.
Casting: Sting
Confirm with . or Enter, or press ? or * to list all spells.
You don't have enough magic to cast that spell.
Unknown command.
The orc priest mumbles some strange prayers to Beogh against you.
Beogh smites you!
Ouch! That really hurt!
You die...

#.# #.. #.. .. #.#
... #.# ... #o#
.....###### #.#
....#...... #@#
........... #.#
#......... #.#
#.....#<## #.#
#.....#... #.#
#..##.#### #.#
#....†....
#.########.#.#####
#........^.†......
##########.#......


You could see an orc priest.

Vanquished Creatures
  An orc priest (D:3)
  An adder (D:2)
  3 worms (D:2)
  2 dart slugs
  3 leopard geckos (D:1)
  A ball python (D:2)
  2 giant cockroaches
  A goblin (D:1)
  5 hobgoblins
  3 jackals (D:1)
  2 quokkas
  7 bats
  2 frilled lizards (D:1)
  3 kobolds
  7 rats
43 creatures vanquished.

Notes
Turn   | Place    | Note
-------+----------+-------------------------------------------
     0 | D:1      | Hekarica the Octopode Venom Mage began the quest for the Orb.
     0 | D:1      | Reached XP level 1. HP: 11/11 MP: 3/3
   288 | D:1      | Reached XP level 2. HP: 18/18 MP: 5/5
   886 | D:1      | Reached XP level 3. HP: 20/22 MP: 6/6
   900 | D:1      | Reached skill level 1 in Unarmed Combat
  1180 | D:2      | Reached skill level 1 in Fighting
  1228 | D:2      | Found a sacrificial altar of Ru.
  1595 | D:2      | Reached XP level 4. HP: 24/28 MP: 0/7
  1817 | D:2      | Found a blossoming altar of Fedhas.
  2248 | D:3      | Killed from afar by an orc priest

Skill      XL: |  1  2  3 |
---------------+----------+-----
Stealth        | 3 |  3.9
Unarmed Combat | 1 |  1.5
Fighting       | 1 |  1.5
Dodging        | |  2.7
Spellcasting   | |  2.5
Conjurations   | |  1.0
Poison Magic   | |  3.6

Action                   |  1- 3 |  4- 6 || total
-------------------------+-------+-------++-------
Melee: Unarmed           |    80 |    15 ||    95
       Constrict         |    28 |     4 ||    32
       Tentacles         |    20 |     1 ||    21
       Punch             |     2 |       ||     2
 Cast: Sting             |    18 |    21 ||    39
  Use: Potion            |       |     1 ||     1
 Stab: Sleeping          |    11 |       ||    11
  Eat: Ration            |     1 |     1 ||     2
Armor: Skin              |     9 |       ||     9
Dodge: Dodged            |    50 |     6 ||    56
